[Event "Titled Tuesday Blitz May 4 2021"]
[White "Mitrabha, Guha"]
[Black "Loy, Konstantin"]
[WhiteFideId "5057000"]
[BlackFideId "14122499"]
[WhiteElo "2334"]
[BlackElo "2084"]
[Result "1-0"]
[Round "01"]
[TimeControl "180+1"]
[Date "2021.05.04"]
[WhiteClock "0:00:21"]
[BlackClock "0:00:01"]

1. Nf3 c5 2. c4 Nf6 3. d4 cxd4 4. Nxd4 e5 5. Nb5 d5 6. cxd5 Bc5 7. N5c3 O-O 8. e3 Qe7 9. Be2 e4 10. a3 a5 11. O-O Rd8 12. b3 Na6 13. Bb2 Nc7 14. Nd2 Ncxd5 15. Nxd5 Rxd5 16. Qc2 Bf5 17. Rfd1 Rc8 18. Rac1 Bd6 19. Nc4 b5 20. Rxd5 Nxd5 21. Qd2 bxc4 22. Qxd5 Be6 23. Qd4 f6 24. Bxc4 Bxc4 25. Rxc4 Rxc4 26. Qxc4+ Kf8 27. a4 Be5 28. Bxe5 Qxe5 29. g3 h5 30. Kg2 Qf5 31. Qe2 Ke7 32. h3 g6 33. Qd1 Ke6 34. Qd8 Qf3+ 35. Kg1 Kf7 36. Qxa5 Qd1+ 37. Kh2 Qe2 38. Qc7+ Kf8 39. Kg2 Qf3+ 40. Kg1 Qd1+ 41. Kh2 Qe2 42. Qf4 Kg7 43. g4 hxg4 44. hxg4 g5 45. Qf5 Qb2 46. Kg2 Qxb3 47. Qxe4 Kf7 48. a5 Kg7 49. a6 Qa3 50. Qb7+ Kg6 51. a7 Qc1 52. a8=Q 1-0


[Site "https://www.chess.com"]

[Event "Titled Tuesday Blitz May 4 2021"]
[White "Mohandesi, Shahin"]
[Black "Hartikainen, Jarmo"]
[WhiteFideId "12501247"]
[BlackFideId "503134"]
[WhiteElo "1993"]
[BlackElo "2068"]
[Result "1-0"]
[Round "01"]
[TimeControl "180+1"]
[Date "2021.05.04"]
[WhiteClock "0:00:10"]
[BlackClock "0:00:02"]

1. d4 Nf6 2. c4 g6 3. Nf3 d5 4. g3 Bg7 5. Bg2 O-O 6. cxd5 Nxd5 7. Nc3 Nb6 8. O-O Nc6 9. d5 Nb4 10. e4 e6 11. a3 Na6 12. Bf4 exd5 13. Nxd5 Nxd5 14. exd5 Bg4 15. Qb3 Nc5 16. Qc4 Na6 17. Rad1 Re8 18. b4 Rc8 19. Rd2 Qf6 20. Nd4 Nb8 21. Nb5 c6 22. Nxa7 cxd5 23. Qd3 Rcd8 24. Nb5 Nc6 25. Nc7 Bf5 26. Nxe8 Rxe8 27. Qb3 Be4 28. f3 Bf5 29. Qxd5 Be6 30. Qd3 Qd4+ 31. Qxd4 Nxd4 32. Re1 Nb5 33. a4 Nc3 34. Be5 Bxe5 35. Rxe5 1-0


[Site "https://www.chess.com"]

[Event "Titled Tuesday Blitz May 4 2021"]
[White "Moore, Nicholas"]
[Black "Erdogdu, Mert"]
[WhiteFideId "4303709"]
[BlackFideId "6301495"]
[WhiteElo "2365"]
[BlackElo "2485"]
[Result "1-0"]
[Round "01"]
[TimeControl "180+1"]
[Date "2021.05.04"]
[WhiteClock "0:00:54"]
[BlackClock "0:00:20"]

1. d4 Nf6 2. c4 g6 3. Nc3 d5 4. Nf3 Bg7 5. Bg5 Ne4 6. cxd5 Nxg5 7. Nxg5 e6 8. Nf3 exd5 9. e3 Qd6 10. Nb5 Qe7 11. Rc1 c6 12. Nc3 O-O 13. Bd3 Nd7 14. O-O Nf6 15. a3 Ne4 16. b4 Bf5 17. Qb3 Nc5 18. bxc5 Bxd3 19. Nxd5 cxd5 20. Qxd3 Rac8 21. Rb1 Rc7 22. g3 Rfc8 23. Rb3 Bf8 24. Rfb1 Qd7 25. Kg2 b6 26. Ne5 Qe8 27. cxb6 axb6 28. Rxb6 Rc2 29. R6b2 R2c3 30. Qb5 Qe6 31. Qd7 Bxa3 32. Rb7 Qxd7 33. Rxd7 R3c7 34. Rb7 Bd6 35. Rbxc7 Bxc7 36. Nxf7 Ba5 37. Nh6+ Kh8 38. h4 Be1 39. Rd8+ Rxd8 40. Nf7+ Kg7 41. Nxd8 Kf6 42. Nc6 Kf5 43. Kf3 h5 44. Ne7+ 1-0


[Site "https://www.chess.com"]

[Event "Titled Tuesday Blitz May 4 2021"]
[White "Moskalenko, Alexander"]
[Black "Devaev, Alexander"]
[WhiteFideId "4155351"]
[BlackFideId "4169395"]
[WhiteElo "2495"]
[BlackElo "2185"]
[Result "1-0"]
[Round "01"]
[TimeControl "180+1"]
[Date "2021.05.04"]
[WhiteClock "0:01:10"]
[BlackClock "0:00:58"]

1. e4 c6 2. Nf3 d5 3. Nc3 Nf6 4. e5 Ne4 5. Qe2 Nxc3 6. dxc3 e6 7. h4 Be7 8. h5 b6 9. h6 g6 10. Bf4 Ba6 11. Qe3 O-O 12. Bxa6 Nxa6 13. O-O-O Nc7 14. Bg5 a5 15. Bxe7 Qxe7 16. Qxb6 Qd7 17. Ng5 Rfb8 18. Ne4 Qe7 19. Qc5 Qxc5 20. Nxc5 a4 21. Nd7 Rb7 22. Nf6+ Kh8 23. Rh4 a3 24. b3 Rba7 25. c4 Ne8 26. cxd5 Nxf6 27. exf6 cxd5 28. Rb4 Rc8 29. Rd3 Kg8 30. Kd2 Kf8 31. f4 Ke8 32. g4 Rac7 33. c3 Ra7 34. g5 Kd7 35. c4 Rac7 36. Ke3 Kd6 37. Ra4 Kc5 38. cxd5 exd5 39. Rxa3 Re8+ 40. Kf3 Re1 41. Ra5+ Kc6 42. Rc3+ Kd7 43. Rxc7+ Kxc7 44. Rxd5 Ra1 45. Rd2 Rf1+ 46. Ke4 Re1+ 47. Kd3 Rf1 48. Ke3 Re1+ 49. Re2 Rf1 50. b4 Rb1 51. Kf3 Kd6 52. Re7 Rxb4 53. Rxf7 Ra4 54. Rxh7 Rxa2 55. Rg7 Ra3+ 56. Kg4 Ra1 57. Rxg6 1-0


[Site "https://www.chess.com"]

[Event "Titled Tuesday Blitz May 4 2021"]
[White "Mukhutdinov, Tigran"]
[Black "Martin, Lewis"]
[WhiteFideId "34108570"]
[BlackFideId "410551"]
[WhiteElo "2154"]
[BlackElo "2145"]
[Result "0-1"]
[Round "01"]
[TimeControl "180+1"]
[Date "2021.05.04"]
[WhiteClock "0:01:11"]
[BlackClock "0:01:33"]

1. Nf3 d5 2. g3 Nf6 3. Bg2 Bf5 4. c4 e6 5. O-O Nbd7 6. d3 Be7 7. Nh4 Bg4 8. h3 Bh5 9. g4 Bg6 10. Nc3 c6 11. Nxg6 hxg6 12. cxd5 exd5 13. a3 Qc7 14. e3 O-O-O 15. Bd2 Ne5 16. f4 Nxd3 17. Qc2 Nc5 18. b4 Nce4 19. Nxe4 Nxe4 20. Bxe4 dxe4 21. Bc3 Rxh3 22. Qxe4 Rg3+ 23. Kf2 Bh4 24. Ke2 Rxg4 25. Rg1 Rxg1 26. Rxg1 Bf6 27. Bxf6 gxf6 28. Rc1 Qd7 29. Qc4 Qg4+ 30. Ke1 Qg3+ 31. Ke2 Qg2+ 32. Ke1 Rd2 0-1


[Site "https://www.chess.com"]

[Event "Titled Tuesday Blitz May 4 2021"]
[White "Nakamura, Hikaru"]
[Black "Vukovic, Zdravko"]
[WhiteFideId "2016192"]
[BlackFideId "900877"]
[WhiteElo "2900"]
[BlackElo "2471"]
[Result "1-0"]
[Round "01"]
[TimeControl "180+1"]
[Date "2021.05.04"]
[WhiteClock "0:02:06"]
[BlackClock "0:00:11"]

1. Nf3 e6 2. d3 b5 3. g3 Bb7 4. Bg2 Be7 5. e4 Nf6 6. O-O d6 7. Nbd2 O-O 8. Nh4 Nfd7 9. Nhf3 c5 10. Re1 Nc6 11. Nf1 Qc7 12. h4 Rac8 13. c3 Nde5 14. N3h2 f5 15. f4 Nd7 16. exf5 exf5 17. Ne3 Nb6 18. Nf3 Rce8 19. Ng5 Bxg5 20. hxg5 Ne7 21. Bd2 Bxg2 22. Kxg2 Ned5 23. Nxd5 Nxd5 24. Qf3 Qf7 25. c4 Nc7 26. b3 b4 27. Be3 Re6 28. Bf2 Rfe8 29. Rxe6 Nxe6 30. a3 a5 31. axb4 axb4 32. Ra6 Nd4 33. Bxd4 cxd4 34. Rxd6 h6 35. g6 Qe7 36. Qd5+ Kh8 37. Qe5 Qb7+ 38. Kh2 Ra8 39. Qe2 Qc7 40. Re6 Qd7 41. Re7 Qc6 42. Re6 Qd7 43. c5 1-0


[Site "https://www.chess.com"]

[Event "Titled Tuesday Blitz May 4 2021"]
[White "Napoli, Nicolo"]
[Black "Piccoli, Lucas Fonseca"]
[WhiteFideId "813702"]
[BlackFideId "2190788"]
[WhiteElo "2330"]
[BlackElo "1776"]
[Result "1-0"]
[Round "01"]
[TimeControl "180+1"]
[Date "2021.05.04"]
[WhiteClock "0:00:05"]
[BlackClock "0:00:03"]

1. e4 c6 2. d4 d5 3. Nc3 dxe4 4. Nxe4 Bf5 5. Ng3 Bg6 6. h4 h6 7. Nh3 Nf6 8. Nf4 Bh7 9. Bc4 e6 10. c3 Bd6 11. Nfh5 O-O 12. Qe2 Nbd7 13. Bd2 b5 14. Bb3 a5 15. O-O a4 16. Bd1 e5 17. Be3 Re8 18. Qd2 Nxh5 19. Nxh5 Qxh4 20. g3 Qh3 21. Bxh6 Be4 22. f3 Qxh5 23. Bxg7 Kxg7 24. fxe4 Qg6 25. Rf5 Qxg3+ 26. Kf1 Qh3+ 27. Ke1 Be7 28. Qe2 f6 29. Kd2 Rh8 30. Bc2 Kf7 31. Raf1 Qh6+ 32. Kd1 Ke6 33. d5+ cxd5 34. exd5+ Kd6 35. Qxb5 Rac8 36. Bxa4 Nc5 37. Qb6+ Kxd5 38. Bb3+ Ke4 39. Qb4+ Ke3 40. Qc4 Qh5+ 41. Kc2 Rcd8 42. Rxh5 Rd2+ 43. Kc1 Rxh5 44. Re1+ Kf2 45. Qf1+ Kg3 46. Kxd2 Rh2+ 47. Kd1 f5 48. Re2 Rh3 49. Qg1+ Kh4 50. Rh2 Rxh2 51. Qxh2+ Kg5 52. Qxe5 Bf6 53. Qe8 Kg4 54. Qg8+ Kf4 55. Qc4+ Ne4 56. Qc7+ Ke3 57. Qf7 f4 58. Bd5 Bh4 59. Qe6 Kf2 60. Qxe4 Bg3 61. Qf3+ Kg1 62. Qg2# 1-0


[Site "https://www.chess.com"]

[Event "Titled Tuesday Blitz May 4 2021"]
[White "Nguyen, Quoc Hy"]
[Black "Pinto, Daniel"]
[WhiteFideId "12410853"]
[BlackFideId "3303144"]
[WhiteElo "1975"]
[BlackElo "1936"]
[Result "0-1"]
[Round "01"]
[TimeControl "180+1"]
[Date "2021.05.04"]
[WhiteClock "0:00:09"]
[BlackClock "0:00:03"]

1. d4 Nf6 2. c4 e6 3. Nc3 Bb4 4. g3 O-O 5. Bg2 d5 6. a3 Be7 7. Nf3 dxc4 8. O-O c5 9. dxc5 Bxc5 10. Ne5 Nbd7 11. Nxc4 Nb6 12. Be3 Bxe3 13. Nxe3 Rb8 14. Qb3 Bd7 15. Rfd1 Qe7 16. Nb5 a6 17. Nd6 Nbd5 18. Nxd5 exd5 19. Qb6 Bc6 20. Nf5 Qe5 21. Nd4 Bd7 22. Rac1 Rfd8 23. Rc7 Ba4 24. Rd2 Ne4 25. Rd3 Bb5 26. Nxb5 axb5 27. Rc2 Qf5 28. Bxe4 Qxe4 29. Qxb5 d4 30. Qb6 Rbc8 31. Rxc8 Rxc8 32. Qxd4 Rc1+ 33. Rd1 Qxd4 34. Rxc1 g6 35. Rc3 Kg7 36. e3 Qd1+ 37. Kg2 Qd5+ 38. Kg1 Qd1+ 39. Kg2 Qd2 0-1


[Site "https://www.chess.com"]

[Event "Titled Tuesday Blitz May 4 2021"]
[White "Noboa Silva, Kevin"]
[Black "Quesada Perez, Yasser"]
[WhiteFideId "3618471"]
[BlackFideId "3509362"]
[WhiteElo "2161"]
[BlackElo "2420"]
[Result "0-1"]
[Round "01"]
[TimeControl "180+1"]
[Date "2021.05.04"]
[WhiteClock "0:00:00"]
[BlackClock "0:00:57"]

1. d4 d5 2. c4 dxc4 3. Nf3 Nf6 4. e3 e6 5. Bxc4 c5 6. O-O Nc6 7. Qe2 cxd4 8. Rd1 Be7 9. exd4 O-O 10. Nc3 Na5 11. Bd3 b6 12. Ne5 Bb7 13. Bg5 Rc8 14. Rac1 Nd5 15. Bd2 Bg5 16. Qh5 h6 17. Qg4 Bxd2 18. Rxd2 Nxc3 19. bxc3 Qg5 20. Qxg5 hxg5 21. c4 Rfd8 22. c5 f6 23. Ng4 bxc5 24. dxc5 Be4 25. Rc3 Rxd3 26. Rdxd3 Bxd3 27. Rxd3 Rxc5 28. h3 Rc7 29. Ra3 Rc5 30. Ne3 Kf7 31. g4 Ke7 32. Kg2 g6 33. Ra4 f5 34. gxf5 gxf5 35. Kf3 Nc6 36. Ra6 Kd7 37. Ra3 a5 38. Kg2 Ne5 39. Rb3 Ke7 40. Rb7+ Kf6 41. Ra7 Nd3 42. Ra8 Nf4+ 43. Kf3 Nxh3 0-1


[Site "https://www.chess.com"]

[Event "Titled Tuesday Blitz May 4 2021"]
[White "Nosacheva, Mariya"]
[Black "Rakotomaharo, Fy Antenaina"]
[WhiteFideId "34111422"]
[BlackFideId "13100050"]
[WhiteElo "2035"]
[BlackElo "2378"]
[Result "0-1"]
[Round "01"]
[TimeControl "180+1"]
[Date "2021.05.04"]
[WhiteClock "0:00:20"]
[BlackClock "0:00:32"]

1. e4 c5 2. Nf3 e6 3. d4 cxd4 4. Nxd4 Nc6 5. Nc3 Nf6 6. Bg5 Bb4 7. Nxc6 bxc6 8. Bd3 h6 9. Bf4 d5 10. e5 Nd7 11. O-O Nc5 12. Be2 Bxc3 13. bxc3 O-O 14. Be3 Ne4 15. Qe1 Qa5 16. c4 Qxe1 17. Rfxe1 Ba6 18. Bd3 Nc3 19. Bd4 Na4 20. cxd5 Bxd3 21. cxd3 c5 22. Be3 exd5 23. Rec1 Rfc8 24. Rab1 Rc7 25. f4 Rac8 26. Kf2 d4 27. Bd2 c4 28. Rb4 Nc5 29. Rcxc4 Nxd3+ 30. Ke2 Rxc4 31. Kxd3 Rxb4 32. Bxb4 Rc1 33. Kxd4 Rg1 34. g3 Rg2 35. f5 Rxh2 36. a3 Rg2 37. e6 fxe6 38. fxe6 Rxg3 39. e7 Kf7 40. Ke5 h5 41. Kd6 Rd3+ 42. Kc7 h4 43. Bd6 Ke8 0-1


[Site "https://www.chess.com"]

[Event "Titled Tuesday Blitz May 4 2021"]
[White "Novikov, Evgenij"]
[Black "Zierk, Steven"]
[WhiteFideId "4125380"]
[BlackFideId "2034255"]
[WhiteElo "2242"]
[BlackElo "2502"]
[Result "0-1"]
[Round "01"]
[TimeControl "180+1"]
[Date "2021.05.04"]
[WhiteClock "0:00:02"]
[BlackClock "0:00:13"]

1. d4 Nf6 2. Nf3 e6 3. c4 b6 4. g3 Ba6 5. Nbd2 Bb7 6. Bg2 c5 7. O-O cxd4 8. Nxd4 Bxg2 9. Kxg2 Be7 10. b3 O-O 11. Bb2 Qc8 12. e3 Nc6 13. N2f3 Qb7 14. Kg1 Rfd8 15. Qe2 Nxd4 16. Nxd4 d5 17. Rac1 Rac8 18. cxd5 Nxd5 19. Rxc8 Rxc8 20. Rc1 Bf6 21. Rc4 g6 22. Qc2 Rxc4 23. Qxc4 Ne7 24. Ba3 Nf5 25. Nxf5 gxf5 26. Bd6 Kg7 27. h4 Qf3 28. Qc7 Qd1+ 29. Kg2 h5 30. Qb8 Qd5+ 31. Kg1 Qd1+ 32. Kg2 Kh7 33. Qf8 Qd5+ 34. Kg1 e5 35. Be7 Bg7 36. Qd8 Qe6 37. Bb4 a5 38. Be1 f4 39. Qd1 Kg6 40. exf4 exf4 41. Bd2 fxg3 42. fxg3 Qe4 43. Qe1 Qxe1+ 44. Bxe1 Kf5 45. Bf2 b5 46. Bb6 Bc3 47. Kg2 Ke4 48. Kh3 f5 49. Bc7 a4 50. bxa4 bxa4 51. Kg2 Bd2 52. Bd6 Kd3 0-1


[Site "https://www.chess.com"]

[Event "Titled Tuesday Blitz May 4 2021"]
[White "Nozdrachev, Leonid"]
[Black "Fernandez, Michael"]
[WhiteFideId "24113433"]
[BlackFideId "5803560"]
[WhiteElo "2246"]
[BlackElo "2110"]
[Result "1-0"]
[Round "01"]
[TimeControl "180+1"]
[Date "2021.05.04"]
[WhiteClock "0:00:10"]
[BlackClock "0:00:13"]

1. e4 c5 2. c3 d5 3. exd5 Qxd5 4. d4 cxd4 5. cxd4 Nc6 6. Nf3 e5 7. Nc3 Bb4 8. Be2 Nxd4 9. O-O Bxc3 10. bxc3 Nxf3+ 11. Bxf3 Qxd1 12. Rxd1 Ne7 13. Ba3 Nc6 14. Rab1 f6 15. h4 Kf7 16. Bd5+ Kg6 17. Be4+ Kf7 18. h5 Rd8 19. Bxh7 b6 20. Bg6+ Ke6 21. Rxd8 Nxd8 22. Rd1 Nb7 23. Be4 Rb8 24. g4 Nc5 25. Bf5+ Ke7 26. Rb1 Bxf5 27. Bxc5+ bxc5 28. Rxb8 Bxg4 29. Rb7+ Ke6 30. Rxg7 Bxh5 31. Rxa7 Kd5 32. Ra6 f5 33. Rb6 Bd1 34. Rb2 Kc4 35. Rd2 Ba4 36. Re2 e4 37. Re3 Bc6 38. Kf1 f4 39. Rh3 f3 40. Rh5 Bb5 41. Ke1 Kxc3 42. Rxc5+ Bc4 43. a4 Kb4 44. Rxc4+ Kxc4 45. a5 Kb5 46. Kd2 Kxa5 47. Ke3 Kb5 48. Kxe4 Kc5 49. Kxf3 Kd6 50. Kf4 Ke6 51. Kg5 Kf7 52. Kf5 Ke7 53. f3 Kf7 54. f4 Ke7 55. Kg6 Ke6 56. f5+ 1-0


[Site "https://www.chess.com"]

[Event "Titled Tuesday Blitz May 4 2021"]
[White "Ognean, Mihnea-Ionut"]
[Black "Holt, Conrad"]
[WhiteFideId "1232347"]
[BlackFideId "2034387"]
[WhiteElo "2012"]
[BlackElo "2586"]
[Result "1/2-1/2"]
[Round "01"]
[TimeControl "180+1"]
[Date "2021.05.04"]
[WhiteClock "0:00:12"]
[BlackClock "0:00:08"]

1. e4 e6 2. d4 d5 3. Nd2 c5 4. Ngf3 cxd4 5. Nxd4 Nf6 6. exd5 Nxd5 7. N2f3 Bb4+ 8. Bd2 O-O 9. Bxb4 Nxb4 10. c3 e5 11. cxb4 exd4 12. Be2 Qe7 13. O-O Rd8 14. a3 Nc6 15. Ne1 Bf5 16. Bd3 Qg5 17. Bxf5 Qxf5 18. Nd3 Rac8 19. Re1 Re8 20. Qd2 h6 21. h3 Re6 22. Rxe6 Qxe6 23. Re1 Qd5 24. Qf4 Kh8 25. h4 Kg8 26. Kh2 Rd8 27. Qe4 Qxe4 28. Rxe4 Kf8 29. Kg3 Rd5 30. Kf3 f6 31. g3 Kf7 32. Re1 Rd8 33. b5 Na5 34. Rc1 Rd7 35. b4 Nb3 36. Rc2 Re7 37. Nc5 Nxc5 38. bxc5 Ke6 39. Ke4 Rd7 40. c6 bxc6 41. bxc6 Rc7 42. Kxd4 Kd6 43. Ke4 Rxc6 44. Rxc6+ Kxc6 45. Kf5 Kb5 46. Kg6 Ka4 47. Kxg7 Kxa3 48. Kxh6 a5 49. Kg6 Kb3 50. h5 a4 51. h6 a3 52. h7 a2 53. h8=Q a1=Q 54. Qxf6 Qh1 55. Qe6+ Kc3 56. Qe5+ Kd3 57. Qf5+ Ke2 58. Kg5 Qh8 59. f4 Qg8+ 60. Qg6 Qd8+ 61. Kg4 Qc8+ 62. Kh4 Kf2 63. f5 Qh8+ 64. Qh5 Qd4+ 65. Qg4 Qh8+ 66. Kg5 Qg7+ 67. Kh4 Qh8+ 68. Qh5 Qd4+ 69. Kg5 Kxg3 70. Qg6 Qe3+ 71. Kh5+ Kh2 72. Qg5 Qe8+ 73. Kh6 Qh8+ 74. Kg6 Qg8+ 75. Kf6 Qd8+ 76. Kg6 Qg8+ 77. Kh5 Qh7+ 78. Qh6 Qxf5+ 79. Kh4 Qh3+ 80. Kg5 Qxh6+ 81. Kxh6 1/2-1/2


[Site "https://www.chess.com"]

[Event "Titled Tuesday Blitz May 4 2021"]
[White "Ohanyan, Emin"]
[Black "Mayeregger, Arnold"]
[WhiteFideId "13312022"]
[BlackFideId "3705226"]
[WhiteElo "1648"]
[BlackElo "1567"]
[Result "1-0"]
[Round "01"]
[TimeControl "180+1"]
[Date "2021.05.04"]
[WhiteClock "0:00:45"]
[BlackClock "0:01:04"]

1. e4 c5 2. Nf3 e6 3. d4 cxd4 4. Nxd4 a6 5. Bd3 Qc7 6. O-O Nf6 7. Kh1 Be7 8. f4 d6 9. Be3 Nbd7 10. Nd2 O-O 11. Qe2 b6 12. Rae1 Bb7 13. Bg1 Nc5 14. h3 Rac8 15. Kh2 Nfd7 16. N2f3 Nxd3 17. cxd3 Nc5 18. Nb3 Nxb3 19. axb3 Qc2 20. Bxb6 Qxb3 21. Bd4 Rc2 22. Qe3 Rfc8 23. Bc3 a5 24. Nd4 Qa4 25. Ra1 1-0


[Site "https://www.chess.com"]

[Event "Titled Tuesday Blitz May 4 2021"]
[White "Omariev, Maksim"]
[Black "Jarovinsky, Alexey"]
[WhiteFideId "4193423"]
[BlackFideId "14115131"]
[WhiteElo "2398"]
[BlackElo "2446"]
[Result "0-1"]
[Round "01"]
[TimeControl "180+1"]
[Date "2021.05.04"]
[WhiteClock "0:00:01"]
[BlackClock "0:00:02"]

1. g4 h5 2. g5 h4 3. d4 d5 4. c4 e6 5. Nc3 dxc4 6. Nf3 a6 7. a4 Nc6 8. Bf4 Bd6 9. Bxd6 cxd6 10. d5 Na5 11. dxe6 Bxe6 12. Nd4 Ne7 13. Bg2 Qd7 14. Rc1 h3 15. Bf3 Nec6 16. Nd5 Nxd4 17. Qxd4 O-O 18. Nb6 Qe7 19. Rc3 Rad8 20. Nd5 Qxg5 21. Be4 Nb3 22. Qxc4 Nc5 23. Bf3 b5 24. axb5 axb5 25. Qxb5 Bxd5 26. Bxd5 Qxd5 27. Rg1 g6 28. Qb4 Rb8 29. Qh4 Rxb2 30. Rc1 Qd2+ 0-1


[Site "https://www.chess.com"]

[Event "Titled Tuesday Blitz May 4 2021"]
[White "Omk124"]
[Black "Kanyamarala, Tarun"]
[BlackFideId "45004714"]
[WhiteElo "2616"]
[BlackElo "2086"]
[Result "1-0"]
[Round "01"]
[TimeControl "180+1"]
[Date "2021.05.04"]
[WhiteClock "0:00:28"]
[BlackClock "0:00:03"]

1. e4 c5 2. Nf3 Nc6 3. d4 cxd4 4. Nxd4 Nf6 5. Nc3 e5 6. Ndb5 d6 7. a4 a6 8. Na3 Be7 9. Bc4 O-O 10. Bg5 Be6 11. Bxf6 Bxf6 12. Nd5 Bg5 13. O-O Kh8 14. c3 Rc8 15. Ba2 f5 16. exf5 Bxf5 17. Nc4 b5 18. axb5 axb5 19. Nce3 Be4 20. Bb1 Bxb1 21. Qxb1 b4 22. cxb4 Rb8 23. Qe4 Rb5 24. Qc4 Nd4 25. Nc2 Rxd5 26. Qxd5 Nxc2 27. Rad1 Nd4 28. Kh1 Qb6 29. f4 Bf6 30. fxe5 dxe5 31. Qxe5 Nc6 32. Qd6 Rd8 33. Qe6 Rb8 34. Rxf6 gxf6 35. Qxf6+ Kg8 36. Rd7 Ne7 37. Qxe7 Qg6 38. Rd8+ Rxd8 39. Qxd8+ Kf7 40. Qc7+ Kg8 41. Qc4+ Kf8 42. Qf1+ Kg8 43. b5 Qb6 44. b3 Qd4 45. h3 Kg7 46. Qg1 Qe5 47. b6 h5 48. b7 Qb5 49. Qa1+ Kf7 50. Qa7 Qf1+ 51. Qg1 Qb5 52. Qf2+ Kg7 53. Qg3+ Kf7 54. b8=Q Qf1+ 55. Kh2 h4 56. Qbc7+ Ke6 57. Qge5# 1-0


[Site "https://www.chess.com"]

[Event "Titled Tuesday Blitz May 4 2021"]
[White "Onyshchuk, Volodymyr"]
[Black "Dushyant Sharma"]
[WhiteFideId "14114038"]
[BlackFideId "25065130"]
[WhiteElo "2605"]
[BlackElo "2019"]
[Result "1-0"]
[Round "01"]
[TimeControl "180+1"]
[Date "2021.05.04"]
[WhiteClock "0:01:45"]
[BlackClock "0:01:01"]

1. Nf3 d5 2. g3 e6 3. Bg2 Be7 4. O-O Nf6 5. d3 O-O 6. Nbd2 c5 7. e4 Nc6 8. Re1 d4 9. a4 e5 10. Nc4 Qc7 11. Bd2 Be6 12. Ng5 Bxc4 13. dxc4 Nd7 14. Nf3 f5 15. exf5 Rxf5 16. Re2 Raf8 17. Ne1 Bg5 18. Nd3 Bxd2 19. Qxd2 Nf6 20. Rae1 Qf7 21. h3 Qxc4 22. g4 e4 23. gxf5 exd3 24. cxd3 Qxa4 25. Re6 Qb3 26. Rc1 Qb5 27. Qc2 Nd7 28. Bxc6 bxc6 29. Re7 Nb6 30. Qxc5 Rxf5 31. Qxb5 Rxb5 32. Rxc6 Rxb2 33. Rcc7 g6 34. Rg7+ Kh8 35. Rxh7+ Kg8 36. Rcg7+ Kf8 37. Rxa7 Kg8 38. Rhb7 1-0


[Site "https://www.chess.com"]

[Event "Titled Tuesday Blitz May 4 2021"]
[White "Onufrienko, Vladislav"]
[Black "Quintiliano Pinto, Renato R."]
[WhiteFideId "13804332"]
[BlackFideId "2117568"]
[WhiteElo "1661"]
[BlackElo "2439"]
[Result "0-1"]
[Round "01"]
[TimeControl "180+1"]
[Date "2021.05.04"]
[WhiteClock "0:00:03"]
[BlackClock "0:00:14"]

1. e4 c5 2. Nc3 Nc6 3. Nf3 e5 4. Bc4 Be7 5. O-O Nf6 6. d3 d6 7. Bg5 O-O 8. h3 a6 9. a4 Be6 10. Bxf6 Bxf6 11. Nd5 Rb8 12. c3 b5 13. axb5 axb5 14. Bb3 Bxd5 15. Bxd5 Ne7 16. c4 Qd7 17. Qc2 bxc4 18. dxc4 Nxd5 19. cxd5 Rb4 20. Nd2 Qb5 21. b3 Rb8 22. Rfb1 Be7 23. Nc4 Bf8 24. f3 g6 25. Kh2 h5 26. h4 Rb7 27. g3 Rxb3 28. Rxb3 Qxb3 29. Qxb3 Rxb3 30. Ra8 Kg7 31. f4 Rb4 32. Na5 exf4 33. gxf4 Rxe4 34. Kg3 Ra4 35. Ra7 c4 36. Kf3 c3 37. Ke2 Be7 38. Rxe7 Rxa5 39. Kd3 Rxd5+ 40. Kxc3 Rf5 41. Re4 Kf6 42. Kd4 Ra5 43. Ke3 Ra3+ 44. Kf2 Kf5 45. Rd4 Ke6 46. Kg2 Re3 47. Kf2 Rh3 48. Kg2 Rb3 49. Kh2 d5 50. Kg2 Re3 51. Rd2 Re4 52. Kg3 Rc4 53. Kf3 Rc3+ 54. Kf2 Rh3 55. Kg2 Rxh4 56. Kf3 Rh3+ 57. Kg2 Ra3 58. Ra2 Rxa2+ 0-1


[Site "https://www.chess.com"]

[Event "Titled Tuesday Blitz May 4 2021"]
[White "Papasimakopoulos, Alexandros"]
[Black "Nastore, Pavel-Alexandru"]
[WhiteFideId "4244125"]
[BlackFideId "1255002"]
[WhiteElo "2352"]
[BlackElo "1809"]
[Result "1-0"]
[Round "01"]
[TimeControl "180+1"]
[Date "2021.05.04"]
[WhiteClock "0:01:42"]
[BlackClock "0:00:04"]

1. d4 Nf6 2. c4 c6 3. Nc3 d5 4. cxd5 cxd5 5. Bf4 Nc6 6. e3 a6 7. Bd3 e6 8. Rc1 Bd6 9. Bxd6 Qxd6 10. f4 O-O 11. Nf3 Nd7 12. O-O f6 13. Qe1 Re8 14. Qh4 Nf8 15. Na4 b5 16. Nc5 Ra7 17. g4 e5 18. fxe5 fxe5 19. Bf5 Bxf5 20. gxf5 Rf7 21. Ng5 Rf6 22. Nge6 Nxe6 23. fxe6 Rg6+ 24. Kh1 Ne7 25. Qf2 Rf6 26. Qg3 Nf5 27. Qxe5 Qxe5 28. dxe5 Rff8 29. Nd7 Rxe6 30. Nxf8 Nxe3 1-0


[Site "https://www.chess.com"]

[Event "Titled Tuesday Blitz May 4 2021"]
[White "Peralta, Eduardo"]
[Black "Jacobson, Brandon"]
[WhiteFideId "3700062"]
[BlackFideId "30901561"]
[WhiteElo "2205"]
[BlackElo "2362"]
[Result "0-1"]
[Round "01"]
[TimeControl "180+1"]
[Date "2021.05.04"]
[WhiteClock "0:00:10"]
[BlackClock "0:00:12"]

1. d4 d5 2. Nf3 Nf6 3. c4 e6 4. g3 h6 5. Bg2 Bd6 6. O-O O-O 7. b3 b6 8. Qc2 Bb7 9. Rd1 Qe7 10. Nc3 a6 11. Bb2 Nbd7 12. Rac1 Rac8 13. cxd5 exd5 14. Qf5 Qe6 15. Qxe6 fxe6 16. Bh3 Rce8 17. Na4 Ne4 18. Rf1 Rf6 19. Ne1 Nd2 20. Nd3 Nxf1 21. Rxf1 a5 22. Ne5 Nb8 23. f4 Nc6 24. e3 Nb4 25. a3 Nc2 26. Rc1 Nxe3 27. Rc3 Nf5 28. Rc1 Bxe5 29. dxe5 Rf7 30. b4 axb4 31. axb4 Ra8 32. Nc3 d4 33. Nb5 Ra2 34. Bxd4 Rd7 35. Bxf5 exf5 36. e6 Re7 37. Rxc7 Rxe6 38. Rxg7+ Kf8 39. Kf1 Bg2+ 40. Kg1 Re1# 0-1


[Site "https://www.chess.com"]

[Event "Titled Tuesday Blitz May 4 2021"]
[White "Perez Gormaz, Matias"]
[Black "MATHEUSMDR2005"]
[WhiteFideId "3406342"]
[WhiteElo "2414"]
[BlackElo "2350"]
[Result "1-0"]
[Round "01"]
[TimeControl "180+1"]
[Date "2021.05.04"]
[WhiteClock "0:00:16"]
[BlackClock "0:00:01"]

1. e4 c5 2. Nf3 Nc6 3. d4 cxd4 4. Nxd4 Nf6 5. Nc3 e6 6. a3 Be7 7. Nxc6 bxc6 8. e5 Nd5 9. Ne4 Qc7 10. f4 Qb6 11. Bd3 h6 12. c4 Ne3 13. Qe2 Nf5 14. b4 a5 15. c5 Qa7 16. Rb1 axb4 17. axb4 Qa2 18. Bb2 Ba6 19. O-O Bxd3 20. Qxd3 Qd5 21. Qe2 Nd4 22. Bxd4 Qxd4+ 23. Kh1 Qd5 24. Rfd1 Qa2 25. Rb2 Qa6 26. Qg4 g6 27. Rbd2 Ra7 28. h3 h5 29. Qf3 Qb5 30. Rd4 Qb8 31. Qd3 Qd8 32. Nd2 Rh7 33. Nc4 f6 34. Qxg6+ Rf7 35. Qxh5 f5 36. Nb6 Bf8 37. Rxd7 1-0


[Site "https://www.chess.com"]

[Event "Titled Tuesday Blitz May 4 2021"]
[White "Perez Rodriguez, Jennifer"]
[Black "Timmermans, Mark"]
[WhiteFideId "3507831"]
[BlackFideId "1026399"]
[WhiteElo "2170"]
[BlackElo "2460"]
[Result "0-1"]
[Round "01"]
[TimeControl "180+1"]
[Date "2021.05.04"]
[WhiteClock "0:01:42"]
[BlackClock "0:02:40"]

1. e4 e5 2. Nc3 Nf6 3. f4 d5 4. fxe5 Nxe4 5. Qf3 f5 6. exf6 Nxf6 7. d4 Bb4 8. Bg5 O-O 9. Bd3 Bxc3+ 10. bxc3 Qe8+ 11. Ne2 Bg4 12. Qe3 Nbd7 13. O-O Qxe3+ 14. Bxe3 Rae8 15. h3 0-1


[Site "https://www.chess.com"]

[Event "Titled Tuesday Blitz May 4 2021"]
[White "Perske, Thore"]
[Black "Jian, Alex"]
[WhiteFideId "12902195"]
[BlackFideId "30901022"]
[WhiteElo "2315"]
[BlackElo "2084"]
[Result "1-0"]
[Round "01"]
[TimeControl "180+1"]
[Date "2021.05.04"]
[WhiteClock "0:00:11"]
[BlackClock "0:00:02"]

1. e4 c5 2. Nf3 Nc6 3. g3 g6 4. Bg2 Bg7 5. O-O d6 6. d3 e6 7. c3 Nge7 8. d4 cxd4 9. cxd4 d5 10. e5 O-O 11. Nc3 Nf5 12. Bf4 b6 13. Qd2 Ba6 14. Rfc1 Na5 15. b3 Rc8 16. h4 h5 17. Bh3 Ne7 18. Rc2 Nec6 19. Bf1 Bxf1 20. Rxf1 Nb4 21. Rcc1 Qd7 22. Bh6 Rc7 23. Bxg7 Kxg7 24. Ne2 Nbc6 25. Qg5 Qe7 26. Qf4 Rfc8 27. Kg2 Nb4 28. Rxc7 Rxc7 29. a3 Nc2 30. g4 hxg4 31. Qxg4 Rc8 32. h5 Rh8 33. Nf4 Nxb3 34. hxg6 Rg8 35. Nh5+ Kf8 36. g7+ Ke8 37. Nf6+ Qxf6 38. exf6 Na5 39. Rc1 1-0


[Site "https://www.chess.com"]